 Dungeon Crawl Stone Soup version 0.24-a0-368-g0e0cebd0f3 (webtiles) character file.

Game seed: 5214142750712988916

130 goulibeur the Skirmisher (level 4, -19/41 HPs)
             Began as a Minotaur Fighter on May 28, 2019.
             Blown up by Ijyb (29 damage)
             ... with a disintegration bolt
             ... on level 3 of the Dungeon.
             The game lasted 00:04:03 (1488 turns).

goulibeur the Skirmisher (Minotaur Fighter)         Turns: 1488, Time: 00:04:03

Health: -19/41     AC:  7    Str: 21    XL:     4   Next: 89%
Magic:  3/3        EV:  8    Int:  5    God:
Gold:   136        SH:  9    Dex: 10    Spells: 3/3 levels left

rFire    . . .     SeeInvis .   a - +0 flail
rCold    . . .     Gourm    .   c - +0 shield
rNeg     . . .     Faith    .   b - +0 scale mail
rPois    .         Spirit   .   (helmet restricted)
rElec    .         Reflect  .   (no cloak)
rCorr    .         Harm     .   (no gloves)
MR       .....                  (no boots)
Stlth    ..........             (no amulet)
HPRegen  0.13/turn              (no ring)
MPRegen  0.08/turn              (no ring)

@: no status effects
A: retaliatory headbutt, horns 2
a: no special abilities


You were on level 3 of the Dungeon.
You were not hungry.

You visited 1 branch of the dungeon, and saw 3 of its levels.

You collected 136 gold pieces.

Inventory:

Hand Weapons
 a - a +0 flail (weapon)
Armour
 b - a +0 scale mail (worn)
 c - a +0 shield (worn)
Jewellery
 i - a +3 ring of evasion {unknown}
 l - an uncursed ring of stealth {unknown}
Scrolls
 e - 2 scrolls of fog {unknown}
 h - a scroll of noise {unknown}
 j - 3 scrolls of identify {unknown}
 k - 3 scrolls of fear {unknown}
 p - a scroll of enchant weapon {unknown}
Potions
 d - a potion of might
 g - 2 potions of ambrosia {unknown}
 m - 2 potions of curing {unknown}
 n - a potion of haste {unknown}
 o - a potion of degeneration {unknown}
 r - a potion of lignification {unknown}
Comestibles
 f - 8 rations
 q - 2 chunks of flesh


   Skills:
 * Level 4.5 Fighting
 * Level 3.7 Maces & Flails
 + Level 1.3 Throwing
 + Level 4.1 Armour
 + Level 1.6 Dodging
 + Level 4.2 Shields


You had 3 spell levels left.
You didn't know any spells.
Your spell library was empty.

Dungeon Overview and Level Annotations

Branches:
Dungeon (3/15)

Altars:

Annotations:
D:3 Ijyb


Innate Abilities, Weirdness & Mutations

You reflexively headbutt those who attack you in melee.
You have a pair of horns on your head.


Message History

The dart slug is moderately wounded.
The dart slug barely misses you. You furiously retaliate!
You headbutt the dart slug! You thump the dart slug!
You kill the dart slug!
You see here a dart slug corpse.
You butcher the dart slug corpse.
q - 2 chunks of flesh Ijyb the Twisted Goblin comes into view.
She is wielding a +3 dagger and carrying a wand of disintegration (16).
Ijyb shouts!
Found a trident and 18 bolts.
Ijyb zaps a wand.
You are blasted!
Ijyb zaps a wand.
You are blasted!
* * * LOW HITPOINT WARNING * * *
Ijyb hits you but does no damage.
You hit Ijyb. Your headbutt misses Ijyb.
Ijyb is moderately wounded.
Ijyb zaps a wand.
You are blasted!
Ouch! That really hurt!
You die...

### ##.## ####
##...## #<..
##.....## .
.####.##
##.......##.#
.......
#.(..........
##..## #...g...#
##..... #).@..#
#.....# ##...##
##...## ##.##
##.## #.# #.#
###.## #.#
#....###### ##'##
#.#.......#
##...##
#.#...###.#
##.....# #
#....##.###.......


You could see Ijyb.

Vanquished Creatures
  An orc wizard (D:2)
  Natasha (D:2)
  Terence (D:3)
  An ooze (D:2)
  A dart slug (D:3)
  A leopard gecko (D:3)
  2 orcs (D:2)
  2 ball pythons
  A giant cockroach (D:1)
  2 goblins (D:1)
  6 hobgoblins
  7 kobolds
  3 bats (D:1)
  6 frilled lizards
  10 rats
45 creatures vanquished.

Notes
Turn   | Place    | Note
-------+----------+-------------------------------------------
     0 | D:1      | goulibeur the Minotaur Fighter began the quest for the Orb.
     0 | D:1      | Reached XP level 1. HP: 19/19 MP: 0/0
   157 | D:1      | Reached XP level 2. HP: 27/27 MP: 1/1
   403 | D:2      | Reached skill level 1 in Dodging
   403 | D:2      | Reached XP level 3. HP: 28/33 MP: 2/2
   606 | D:2      | Noticed Natasha
   613 | D:2      | Killed Natasha
   613 | D:2      | Reached skill level 1 in Throwing
   613 | D:2      | Reached XP level 4. HP: 40/41 MP: 3/3
  1167 | D:3      | Noticed Terence
  1179 | D:3      | Killed Terence
  1483 | D:3      | Noticed Ijyb
  1488 | D:3      | Blown up by Ijyb

Levels and vault maps discovered:
D:1:      lemuel_arrival_funnel, layout_rooms, minmay_pentomino_q4
D:2:      layout_loops_ring, first_ration, uniq_natasha
D:3:      layout_loops_corners, uniq_grinder, uniq_terence, uniq_ijyb

Skill      XL: |  1  2  3 |
---------------+----------+-----
Maces & Flails | 3 |  3.7
Fighting       | 4 |  4.5
Dodging        | 1 |  1.6
Shields        | 4 |  4.2
Armour         | 4 |  4.1
Throwing       | 1 |  1.3

Action                   |  1- 3 |  4- 6 || total
-------------------------+-------+-------++-------
Melee: Flail             |    63 |    29 ||    92
       Headbutt          |    14 |     6 ||    20
  Eat: Chunk             |       |     2 ||     2
Armor: Scale mail        |    35 |     5 ||    40
Dodge: Dodged            |    12 |     5 ||    17
Block: Shield            |    28 |    12 ||    40

Table legend:
 A = Non-vault XP
 B = Vault XP
 C = Vault XP percentage of total XP
 D = Non-vault monster count
 E = Vault monster count
 F = Vault count percentage of total count
                 A         B        C        D         E       F
            +---------+---------+-------+---------+---------+-------
      Total |     109 |      77 |  41.4 |      39 |       6 |  13.3
            +---------+---------+-------+---------+---------+-------
        D:1 |      29 |       5 |  14.7 |      19 |       4 |  17.4
        D:2 |      71 |      36 |  33.6 |      16 |       1 |   5.9
        D:3 |       9 |      36 |  80.0 |       4 |       1 |  20.0
            +---------+---------+-------+---------+---------+-------
